 Dungeon Sprint DCSS version 0.29-a0-275-g389c0b56f3 (webtiles) character file.

Game seed: 10965285862864102691

247 bromine the Cudgeller (level 5, -8/61 HPs)
             Began as a Troll Berserker on Mar 11, 2022.
             Was a Believer of Trog.
             Mangled by a slime creature (13 damage)
             ... in the Dungeon (Sprint I: "Red Sonja").
             The game lasted 00:00:41 (761 turns).

bromine the Cudgeller (Troll Berserker)              Turns: 761, Time: 00:00:42

Health: -8/61      AC:  4    Str: 27    XL:     5   Next: 85%
Magic:  4/4        EV: 11    Int:  3    God:    Trog [**....]
Gold:   108        SH:  0    Dex:  9    Spells: 4/4 levels left

rFire   . . .      SeeInvis .   j - +0 scythe
rCold   . . .      Faith    .   (shield currently unavailable)
rNeg    . . .      Spirit   .   b - +0 animal skin
rPois   .          Reflect  .   (helmet restricted)
rElec   .          Harm     .   (no cloak)
rCorr   .          Rampage  .   (gloves unavailable)
Will    .....      NoTele   +   (boots unavailable)
Stlth   +.........              (no amulet)
HPRegen 1.00/turn               (no ring)
MPRegen 0.09/turn               (no ring)

@: no status effects
A: large, unfitting armour, claws 3, regeneration 1, shaggy fur 1, tough skin 1
a: Renounce Religion, Berserk, Trog's Hand


You were in the Dungeon.
You worshipped Trog.
Trog was pleased with you.
You visited 1 branch You collected 108 gold pieces.

Inventory:

Hand Weapons
 a - a +0 mace
 j - a +0 scythe (weapon)
Armour
 b - a +0 animal skin (worn)
Wands
 i - a wand of iceblast (10)
Scrolls
 h - a scroll of blinking
Potions
 c - a potion of curing
 d - a potion of heal wounds
 e - a potion of haste
 f - 2 potions of magic
 g - a potion of berserk rage


   Skills:
 + Level 6.4 Fighting
 + Level 6.8 Maces & Flails
 + Level 6.4 Dodging


You had 4 spell levels left.
You didn't know any spells.
Your spell library was empty.

Dungeon Overview and Level Annotations

Branches:
Dungeon (1/1)

Altars:
Makhleb
Xom
Jiyva
Lugonu


Innate Abilities, Weirdness & Mutations

You are too large for most types of armour.
You have claws for hands.
Your natural rate of healing is unusually fast.
You are covered in fur. (AC +1)
You have tough skin. (AC +1)


Message History

j - a +0 scythe
j - a +0 scythe (weapon)
You open the door.
Found 108 gold pieces.
There is an open door here.
You now have 27 gold pieces.
You now have 54 gold pieces (gained 27).
You now have 81 gold pieces (gained 27).
You now have 108 gold pieces (gained 27).
You open the door.
A slime creature comes into view.
Found four altars.
The slime creature quivers.
There is an open door here.
You slice the slime creature!!
The slime creature is moderately wounded.
The slime creature hits you! The slime creature closely misses you.
You slash the slime creature!
The slime creature is heavily wounded.
The slime creature hits you!! The slime creature hits you!
You slice the slime creature!!
The slime creature is severely wounded.
The slime creature hits you. The slime creature hits you!
* * * LOW HITPOINT WARNING * * *
You hit the slime creature.
The slime creature is severely wounded.
The slime creature barely misses you. x2
You slash the slime creature!
The slime creature is almost dead.
The slime creature hits you.
* * * LOW HITPOINT WARNING * * *
The slime creature closely misses you.
You hit the slime creature.
The slime creature is almost dead.
The slime creature barely misses you. x2
Unknown command.
You barely miss the slime creature.
The slime creature is almost dead.
The slime creature hits you!
You die...

###################
#<.#..').#..'..#__#
#..').#..'[.#..@J.+
#..#####+#####+#__#
#..# ### #..# #..#
#⌠⌠# ####


You could see a slime creature.

Vanquished Creatures
  Sigmund (D)
  An ogre (D)
  Ijyb (D)
3 creatures vanquished.

Notes
Turn   | Place    | Note
-------+----------+-------------------------------------------
     0 | D        | bromine the Troll Berserker began the quest for the Orb.
     0 | D        | Reached XP level 1. HP: 22/22 MP: 0/0
     2 | D        | Noticed Ijyb
    19 | D        | Killed Ijyb
    20 | D        | Reached XP level 2. HP: 16/31 MP: 1/1
   329 | D        | Noticed an ogre
   332 | D        | Killed an ogre
   333 | D        | Reached skill level 5 in Fighting
   333 | D        | Reached skill level 5 in Maces & Flails
   333 | D        | Reached skill level 5 in Dodging
   333 | D        | Reached XP level 3. HP: 42/42 MP: 2/2
   333 | D        | Reached XP level 4. HP: 50/50 MP: 3/3
   545 | D        | Noticed Sigmund
   556 | D        | Killed Sigmund
   556 | D        | Reached ** piety under Trog
   557 | D        | Reached XP level 5. HP: 39/61 MP: 4/4
   753 | D        | Found a burning altar of Makhleb.
   753 | D        | Found a viscous altar of Jiyva.
   753 | D        | Found a shimmering altar of Xom.
   753 | D        | Found a corrupted altar of Lugonu.
   753 | D        | Noticed a slime creature
   757 | D        | HP: 3/61 [slime creature (17)]
   759 | D        | HP: 1/61 [slime creature (6)]
   761 | D        | Mangled by a slime creature

Illustrated notes

Levels and vault maps discovered:
D:        dungeon_sprint_1 [red_sonja_temple_1, red_sonja_temple_small_1]

Skill      XL: |  1  2  3  4 |
---------------+-------------+-----
Fighting       | 3 5 6 |  6.4
Maces & Flails | 3 5 6 |  6.8
Dodging        | 3 5 6 |  6.4

Action                   |  1- 3 |  4- 6 || total
-------------------------+-------+-------++-------
Melee: Mace              |    18 |     9 ||    27
       Scythe            |       |     7 ||     7
Invok: Berserk           |     1 |       ||     1
Armor: Animal skin       |     4 |     1 ||     5
Dodge: Dodged            |    11 |     9 ||    20

Table legend: (Time is in decaauts)
 A = Elapsed time spent in this place.
 B = Non-inter-level travel time spent in this place.
 C = Inter-level travel time spent in this place.
 D = Time resting spent in this place.
 E = Time spent auto-exploring this place.
 F = Levels seen in this place.
 G = Mean time per level.
                   A        B        C        D        E       F      G
               +--------+--------+--------+--------+--------+-----+--------+
         Total |    777 |    777 |      0 |    698 |      0 |   1 |  777.0 |
       Dungeon |    777 |    777 |      0 |    698 |      0 |   1 |  777.0 |
               +--------+--------+--------+--------+--------+-----+--------+

Top non-repeatable levels by time:
       D: 777 daAuts
